Map: Pride of Altaris LE

Players

Dark

  • Race: Zerg Zerg

Reynor - Winner!

  • Race: Zerg Zerg

Event: TSL 8

VOD

Have the link to the VOD?

Description

Time

  • Played on: Dec. 11, 2021, 7:22 a.m.
  • Length: 15:25

All games in this series

Show
View Real Time Build Order
Export as new Build Order

Dark Zerg 

Build Orders: Hatch First, Lurkers, Roach Hydra 

Get SALT Encoding   

  12  0:00  Drone  
  13  0:12  Overlord  
  13  0:16  Drone  
  14  0:31  Drone x2  
  16  0:47  Hatchery  
  15  0:51  Drone  
  15  0:56  Drone  
  17  0:58  Drone  
  18  1:09  Extractor  
  17  1:13  Spawning Pool  
  17  1:16  Drone  
  17  1:19  Drone  
  18  1:28  Drone  
  19  1:39  Drone  
  20  1:51  Drone  
  21  1:59  Queen x2  
  21  2:01  Drone  
  26  2:02  Zergling x2  
  27  2:11  Overlord  
  27  2:12  Drone  
  28  2:19  Metabolic Boost  
  28  2:29  Drone x2  
  30  2:32  Drone x2  
  32  2:38  Hatchery  
  31  2:46  Queen  
  33  2:51  Overlord  
  33  2:54  Drone  
  33  2:56  Drone  
  35  3:02  Drone  
  36  3:11  Drone x4  
  36  3:12  Zergling x4  
  42  3:16  Evolution Chamber  
  42  3:17  Zergling x2  
  42  3:19  Zergling x2  
  43  3:26  Overlord  
  43  3:28  Drone  
  44  3:38  Overlord  
  44  3:43  Zerg Ground Armor Level 1  
  44  3:45  Drone x5  
  44  3:46  Drone  
  50  3:55  Roach Warren  
  49  3:56  Drone x2  
  49  3:57  Drone  
  49  4:01  Drone x2  
  54  4:04  Extractor  
  54  4:05  Extractor  
  54  4:08  Overlord  
  54  4:09  Drone  
  53  4:15  Drone x2  
  55  4:19  Overlord  
  55  4:23  Drone x2  
  57  4:26  Drone x2  
  59  4:37  Roach x7  
  71  4:42  Roach x2  
  75  4:46  Overlord  
  75  4:47  Roach  
  75  4:50  Roach  
  75  4:51  Roach  
  81  4:58  Overlord  
  81  5:02  Zergling x2, Overlord  
  82  5:08  Zergling x8  
  82  5:11  Ravager  
  87  5:17  Zergling x20  
  96  5:23  Ravager x3  
  96  5:25  Queen  
  101  5:30  Drone, Lair  
  101  5:31  Drone  
  101  5:33  Drone x2  
  105  5:38  Overlord  
  105  5:40  Overlord  
  105  5:46  Zerg Missile Weapons Level 1  
  105  5:47  Overlord  
  105  5:52  Overlord  
  105  5:54  Overlord  
  105  5:56  Queen  
  104  5:57  Spore Crawler  
  104  5:58  Spore Crawler  
  104  5:59  Extractor  
  104  6:00  Spore Crawler  
  97  6:05  Drone  
  97  6:07  Drone x4  
  99  6:12  Roach x2  
  99  6:15  Roach x2  
  99  6:17  Roach  
  109  6:23  Roach x2  
  109  6:24  Drone x2  
  113  6:31  Roach x3  
  115  6:33  Drone x2  
  115  6:34  Glial Reconstitution  
  115  6:39  Roach x2  
  121  6:41  Overlord  
  121  6:45  Overseer  
  121  6:49  Roach x2  
  121  6:50  Roach  
  121  6:51  Extractor  
  125  6:55  Overlord x3  
  125  7:00  Roach  
  127  7:04  Drone x2  
  127  7:06  Roach x3  
  135  7:14  Drone x2  
  138  7:15  Drone x2  
  138  7:16  Spore Crawler  
  138  7:20  Overlord  
  138  7:21  Extractor  
  138  7:22  Roach  
  139  7:24  Overlord  
  139  7:29  Drone x2, Hydralisk Den  
  140  7:31  Ravager x2  
  140  7:36  Drone  
  143  7:38  Drone x2, Spore Crawler  
  143  7:40  Spore Crawler  
  143  7:41  Zerg Missile Weapons Level 2  
  143  7:43  Roach x2  
  147  7:51  Roach x3  
  147  7:52  Roach x2  
  147  7:54  Drone x2  
  147  7:56  Drone x2  
  161  8:01  Grooved Spines  
  161  8:08  Roach x3  
  167  8:28  Overlord  
  167  8:29  Overlord x2  
  167  8:33  Hydralisk x5  
  176  8:45  Overlord  
  176  8:48  Hydralisk x9  
  192  9:04  Hatchery  
  192  9:09  Roach x4  
  199  9:12  Muscular Augments  
  199  9:15  Overseer  
  199  9:16  Lurker Den  
  197  9:29  Roach x2  
  198  9:33  Roach  
  196  9:42  Roach x3  
  199  9:48  Roach x3  
  199  9:49  Roach  
  199  9:51  Roach  
  199  9:52  Roach x4  
  198  9:54  Roach  
  198  9:55  Roach  
  174  10:07  Roach  
  174  10:08  Roach x6  
  174  10:12  Roach  
  188  10:17  Roach  
  186  10:22  Drone x3  
  186  10:28  Lurker x6  
  194  10:34  Roach  
  194  10:38  Roach  
  187  10:43  Roach x6  
  187  10:44  Roach  
  189  10:53  Drone x4  
  156  11:04  Hydralisk x3  
  156  11:10  Infestation Pit  
  155  11:15  Lurker x3  
  155  11:22  Hydralisk x2  
  155  11:25  Hydralisk x2  
  145  11:31  Queen x2  
  141  11:33  Hydralisk x3  
  141  11:38  Roach x2  
  151  11:40  Roach  
  151  11:41  Roach  
  151  11:45  Roach x3  
  161  11:57  Roach x3  
  161  12:02  Roach  
  154  12:10  Roach x2  
  154  12:13  Roach  
  158  12:19  Roach  
  158  12:22  Roach  
  154  12:24  Queen x2, Roach  
  154  12:28  Roach x2  
  133  12:37  Hydralisk x2  
  133  12:38  Roach x3  
  137  12:47  Roach x2  
  137  12:50  Hive  
  141  12:51  Roach  
  141  12:56  Hatchery  
  141  12:57  Roach  
  142  12:59  Lurker  
  142  13:00  Lurker x3  
  142  13:04  Roach x2  
  148  13:07  Roach  
  148  13:10  Roach  
  148  13:11  Lurker x2, Roach x2  
  158  13:16  Drone x3  
  161  13:20  Lurker x2  
  161  13:22  Spore Crawler x2  
  161  13:23  Spore Crawler  
  161  13:24  Pneumatized Carapace, Hatchery  
  161  13:25  Drone x3  
  161  13:26  Drone  
  163  13:30  Tunneling Claws  
  163  13:31  Burrow  
  163  13:35  Drone  
  163  13:36  Drone x2  
  163  13:39  Roach x2  
  163  13:41  Overlord  
  166  13:50  Spore Crawler  
  166  13:55  Roach x4  
  172  13:58  Extractor  
  172  14:00  Spore Crawler  
  172  14:01  Adaptive Talons  
  172  14:02  Extractor  
  169  14:12  Drone x2  
  169  14:16  Roach x2  
  169  14:17  Roach  
  177  14:18  Drone  
  150  14:39  Hydralisk  
  150  14:40  Hydralisk x2  
  150  14:43  Hydralisk x3  
  150  14:45  Roach x2  
  140  14:46  Roach x2  
  140  14:49  Roach  
  132  14:54  Roach  
  116  15:02  Roach  
Show
View Real Time Build Order
Export as new Build Order

Reynor Zerg - Winner!

Build Orders: Hatch First 

Get SALT Encoding   

  12  0:00  Drone  
  13  0:12  Overlord  
  13  0:17  Drone  
  14  0:30  Drone x2  
  16  0:48  Hatchery  
  15  0:52  Drone  
  15  0:55  Drone  
  17  0:59  Drone  
  18  1:11  Extractor  
  18  1:14  Spawning Pool  
  18  1:17  Drone  
  17  1:20  Drone  
  18  1:29  Drone  
  19  1:38  Drone  
  20  1:49  Overlord  
  20  2:00  Drone x2, Queen x2  
  26  2:11  Drone x2  
  28  2:21  Drone x2  
  30  2:33  Overlord  
  30  2:35  Drone  
  31  2:38  Queen  
  31  2:39  Lair  
  31  2:43  Drone  
  34  2:44  Drone  
  35  2:56  Drone x2  
  35  2:57  Evolution Chamber  
  36  3:04  Drone  
  36  3:05  Drone  
  38  3:07  Overlord, Extractor  
  38  3:08  Drone x3  
  38  3:10  Drone x2  
  42  3:16  Roach Warren  
  41  3:21  Drone  
  41  3:22  Drone  
  41  3:26  Drone  
  44  3:30  Drone  
  44  3:32  Evolution Chamber  
  44  3:36  Extractor  
  44  3:37  Drone  
  44  3:39  Drone, Spire  
  44  3:47  Drone x3  
  47  3:49  Extractor  
  47  3:52  Overlord  
  47  3:54  Drone x3  
  49  3:57  Zerg Missile Weapons Level 1  
  49  3:59  Drone  
  49  4:02  Drone  
  51  4:08  Glial Reconstitution  
  51  4:16  Roach x2  
  57  4:17  Roach  
  57  4:19  Overlord  
  57  4:24  Overseer  
  57  4:28  Roach  
  57  4:30  Roach, Spore Crawler  
  61  4:32  Overlord  
  61  4:37  Evolution Chamber  
  59  4:49  Overlord  
  59  4:53  Hatchery  
  59  4:59  Mutalisk  
  58  5:00  Mutalisk x2, Roach  
  58  5:05  Mutalisk  
  68  5:09  Roach  
  68  5:10  Drone x2  
  68  5:12  Roach x2  
  76  5:14  Spine Crawler  
  76  5:15  Overlord  
  75  5:28  Overlord  
  75  5:33  Spine Crawler  
  75  5:34  Roach x2  
  75  5:35  Roach x3  
  84  5:39  Evolution Chamber  
  84  5:40  Ravager  
  84  5:43  Overlord  
  84  5:47  Roach x2  
  84  5:49  Ravager  
  89  5:57  Mutalisk  
  89  6:00  Overlord  
  92  6:09  Drone x2  
  94  6:11  Mutalisk x2  
  94  6:16  Overlord  
  98  6:19  Hatchery  
  98  6:22  Mutalisk  
  100  6:32  Hatchery  
  100  6:36  Zerg Missile Weapons Level 2  
  100  6:38  Drone  
  100  6:39  Drone x5  
  105  6:41  Queen  
  105  6:42  Overlord  
  107  6:48  Roach x2  
  107  6:49  Overlord  
  111  6:55  Roach x2  
  111  6:56  Overseer  
  115  7:03  Overlord  
  115  7:07  Zerg Ground Armor Level 1  
  115  7:12  Drone x6  
  121  7:17  Overlord  
  121  7:26  Roach x4  
  129  7:32  Overlord  
  129  7:36  Roach  
  131  7:40  Roach x3  
  137  7:45  Drone x2  
  137  7:49  Overlord  
  137  7:50  Overseer  
  139  8:00  Roach x4  
  139  8:02  Hatchery  
  139  8:04  Overseer  
  139  8:05  Ravager x3  
  149  8:07  Drone x5  
  149  8:10  Extractor  
  149  8:11  Ravager  
  149  8:12  Extractor  
  153  8:14  Roach x2  
  159  8:27  Roach x5  
  159  8:32  Overlord x2  
  167  8:42  Overlord  
  167  8:45  Infestation Pit  
  166  8:52  Roach x10  
  186  9:01  Overlord  
  186  9:07  Zerg Ground Armor Level 2  
  186  9:09  Roach x2  
  186  9:17  Ravager x3  
  190  9:26  Roach x5  
  191  9:44  Roach  
  191  9:45  Roach x6  
  199  9:51  Roach  
  199  9:52  Roach x5  
  193  10:03  Roach x4  
  193  10:06  Roach x2  
  193  10:15  Roach x3  
  193  10:19  Ravager x5  
  193  10:21  Roach  
  200  10:29  Extractor  
  199  10:39  Hatchery  
  194  10:49  Roach x9  
  200  10:52  Overseer  
  198  11:01  Roach x2  
  200  11:05  Infestation Pit  
  200  11:09  Overseer  
  189  11:24  Roach x4  
  189  11:25  Roach x12  
  180  11:33  Ravager x2  
  180  11:35  Roach x4  
  180  11:36  Roach  
  180  11:37  Queen  
  180  11:39  Ravager, Extractor  
  194  11:42  Roach x3  
  194  11:43  Hive  
  188  12:09  Roach x7  
  188  12:11  Overseer  
  165  12:43  Roach x5  
  165  12:44  Roach x2  
  179  12:52  Drone x3  
  179  12:55  Viper x5  
  197  13:08  Extractor  
  196  13:13  Extractor  
  196  13:14  Drone x5  
  196  13:18  Evolution Chamber  
  196  13:19  Evolution Chamber  
  198  13:24  Hydralisk Den  
  197  13:35  Spore Crawler  
  197  13:36  Drone x3, Spine Crawler  
  197  13:40  Pneumatized Carapace  
  197  13:41  Overseer x3  
  198  13:47  Ravager x3  
  198  14:00  Muscular Augments  
  198  14:02  Lurker Den  
  197  14:17  Overseer  
  194  14:47  Roach x5  
  186  14:54  Roach x6  
  186  14:58  Roach x4  
  196  15:00  Overlord  
  196  15:03  Roach x3  
  196  15:04  Roach x5  
  196  15:06  Overseer x2  
Tags
 
Add a new tag
Caveats
  • Supply blocks, unpowered buildings, or Contaminate may cause inaccurate times.
  • Supply counts are checked every 10 seconds.